Map: [ESL] Hard Lead

Players

herO - Winner!

  • Race: Protoss Protoss
  • Spawn Location: 11:00

Cure

  • Race: Terran Terran
  • Spawn Location: 5:00

Event: IEM Katowice 2024

VOD

Have the link to the VOD?

Description

Time

  • Played on: Feb. 10, 2024, 3:41 p.m.
  • Length: 14:30

All games in this series

Show
View Real Time Build Order
Export as new Build Order

herO Protoss - Winner!

Build Orders: 1 Gate Expand, Blink Stalkers 

Get SALT Encoding   

  12  0:00  Probe  
  13  0:12  Probe  
  14  0:19  Pylon  
  14  0:24  Probe  
  15  0:37  Probe (Chrono Boost)  
  15  0:40  Gateway  
  16  0:46  Probe (Chrono Boost)  
  16  0:48  Assimilator  
  17  0:51  Probe  
  18  1:03  Probe  
  19  1:15  Probe  
  20  1:27  Cybernetics Core  
  20  1:34  Nexus  
  20  1:40  Pylon  
  20  1:43  Probe  
  21  1:49  Assimilator  
  21  1:55  Probe  
  21  2:00  Stalker (Chrono Boost)  
  22  2:07  Warp Gate  
  24  2:09  Probe  
  25  2:21  Probe  
  25  2:22  Adept  
  27  2:33  Probe  
  26  2:46  Probe (Chrono Boost)  
  26  2:47  Probe (Chrono Boost)  
  28  2:51  Twilight Council  
  28  2:52  Stalker  
  31  2:58  Probe (Chrono Boost)  
  31  3:00  Probe (Chrono Boost)  
  31  3:05  Probe x2 (Chrono Boost)  
  34  3:13  Probe  
  34  3:15  Probe  
  36  3:20  Gateway  
  36  3:25  Blink (Chrono Boost), Probe  
  38  3:27  Probe  
  36  3:39  Probe  
  36  3:41  Gateway, Probe  
  37  3:53  Probe x2  
  38  3:58  Stalker  
  38  4:01  Robotics Facility  
  40  4:05  Probe, Pylon  
  40  4:07  Probe  
  42  4:14  Stalker  
  44  4:17  Probe  
  44  4:19  Probe  
  44  4:22  Shield Battery  
  44  4:23  Pylon  
  46  4:37  Probe x2  
  45  4:38  Stalker x2  
  49  4:49  Observer, Probe x2  
  51  5:02  Nexus  
  51  5:05  Probe  
  51  5:06  Probe  
  53  5:12  Warp Prism  
  55  5:15  Pylon  
  55  5:18  Probe (Chrono Boost)  
  55  5:20  Probe (Chrono Boost)  
  57  5:23  Assimilator  
  57  5:25  Charge  
  57  5:30  Probe x2 (Chrono Boost)  
  57  5:33  Pylon  
  57  5:35  Probe x2 (Chrono Boost)  
  59  5:41  Stalker  
  63  5:47  Stalker x2  
  63  5:48  Probe  
  67  5:51  Probe  
  67  5:56  Forge  
  68  6:03  Probe x2  
  70  6:06  Stalker  
  70  6:08  Shield Battery  
  70  6:09  Observer  
  70  6:10  Observer  
  73  6:18  Gateway  
  71  6:19  Protoss Ground Weapons Level 1 (Chrono Boost)  
  71  6:22  Probe x3  
  74  6:30  Gateway x2  
  74  6:33  Sentry x2  
  74  6:34  Sentry  
  74  6:37  Pylon  
  80  6:42  Gateway  
  80  6:43  Probe  
  80  6:44  Probe  
  80  6:45  Probe  
  83  6:49  Immortal (Chrono Boost)  
  87  6:56  Gateway  
  87  7:02  Photon Cannon  
  87  7:04  Photon Cannon  
  87  7:06  Sentry  
  87  7:07  Zealot  
  94  7:19  Immortal (Chrono Boost)  
  94  7:22  Zealot x2  
  99  7:24  Pylon  
  99  7:30  Pylon  
  99  7:33  Zealot  
  101  7:38  Zealot  
  101  7:41  Pylon  
  101  7:46  Observer (Chrono Boost), Zealot x3  
  101  7:48  Zealot x2  
  112  7:54  Observer  
  94  7:59  Probe x2  
  94  8:00  Probe  
  91  8:07  Sentry x2, Zealot  
  91  8:08  Zealot x4  
  91  8:12  Zealot  
  107  8:13  Probe x3  
  107  8:14  Observer  
  110  8:25  Probe x3  
  109  8:30  Protoss Ground Weapons Level 2 (Chrono Boost)  
  109  8:31  Robotics Bay  
  109  8:37  Probe x3  
  109  8:49  Shield Battery, Probe (Chrono Boost)  
  109  8:50  Probe x2 (Chrono Boost)  
  109  8:52  Assimilator  
  112  8:59  Zealot  
  112  9:00  Zealot x3  
  112  9:01  Probe x3 (Chrono Boost)  
  123  9:06  Probe x2 (Chrono Boost)  
  125  9:13  Pylon x2  
  125  9:15  Pylon  
  125  9:20  Extended Thermal Lance (Chrono Boost)  
  125  9:28  Colossus (Chrono Boost)  
  125  9:31  Probe x3  
  118  9:41  Zealot x5  
  118  9:43  Probe x2  
  118  9:44  Probe  
  117  9:57  Observer  
  113  10:03  Stalker x4  
  113  10:04  Colossus (Chrono Boost)  
  115  10:11  Stalker x2  
  123  10:22  Zealot x2  
  123  10:23  Gateway  
  126  10:40  Zealot x4  
  126  10:41  Protoss Ground Armor Level 1  
  134  10:43  Zealot x2  
  134  10:48  Colossus (Chrono Boost)  
  132  10:55  Zealot x2  
  132  10:56  Probe x2  
  129  10:57  Probe  
  111  11:05  Stalker x2  
  91  11:16  Stalker x3  
  87  11:20  Observer  
  87  11:22  Stalker  
  83  11:40  Sentry, Zealot  
  83  11:41  Colossus (Chrono Boost)  
  83  11:46  Stalker  
  94  11:47  Zealot  
  94  11:50  Zealot  
  98  11:55  Zealot x2  
  98  11:58  Observer  
  98  12:00  Shield Battery  
  102  12:13  Colossus (Chrono Boost)  
  102  12:14  Zealot  
  102  12:15  Zealot x2  
  114  12:22  Zealot x3  
  120  12:26  Observer  
  119  12:41  Stalker x5  
  121  12:56  Stalker x4  
  127  13:05  Immortal (Chrono Boost)  
  127  13:09  Pylon  
  131  13:33  Stalker x6  
  143  13:34  Zealot x3  
  146  13:41  Observer (Chrono Boost)  
  142  13:56  Zealot x8  
  142  13:59  Zealot  
  121  14:26  Zealot x8  
Show
View Real Time Build Order
Export as new Build Order

Cure Terran 

Build Orders:  

Get SALT Encoding   

  12  0:00  SCV  
  13  0:12  SCV  
  14  0:17  Supply Depot  
  14  0:24  SCV  
  15  0:38  SCV  
  15  0:39  Barracks  
  16  0:46  Refinery  
  16  0:51  SCV  
  16  0:55  Refinery  
  17  1:03  SCV  
  18  1:15  SCV  
  19  1:27  Orbital Command, Reaper  
  20  1:46  Factory  
  20  1:51  Supply Depot  
  20  1:53  SCV  
  21  1:59  Reaper  
  22  2:05  SCV  
  23  2:17  SCV  
  24  2:30  SCV  
  24  2:33  Command Center  
  24  2:35  Widow Mine  
  26  2:42  SCV  
  27  2:47  Starport  
  26  2:54  SCV  
  26  2:56  Supply Depot  
  26  2:57  Widow Mine  
  29  3:00  Reaper  
  30  3:06  SCV  
  31  3:13  Barracks  
  31  3:19  SCV, Widow Mine  
  34  3:24  Medivac  
  36  3:31  SCV  
  37  3:40  Widow Mine  
  39  3:44  SCV  
  39  3:45  Orbital Command  
  40  3:57  Starport Tech Lab  
  40  3:59  SCV  
  40  4:00  Barracks Reactor  
  40  4:02  Barracks, Factory Tech Lab  
  40  4:03  Orbital Command  
  40  4:13  SCV  
  41  4:17  Bunker  
  41  4:21  Siege Tank  
  44  4:26  Raven  
  44  4:27  Supply Depot  
  44  4:30  Marine, SCV  
  48  4:37  Marine x2  
  48  4:38  SCV  
  49  4:42  SCV  
  50  4:50  SCV, Refinery  
  50  4:52  Barracks Tech Lab, Marine, Supply Depot  
  49  4:54  Siege Tank, SCV  
  49  4:55  Marine  
  49  4:56  Marine  
  56  5:02  SCV  
  56  5:06  SCV  
  58  5:09  Engineering Bay  
  58  5:14  SCV, Marine x3  
  58  5:18  SCV  
  63  5:21  Supply Depot  
  63  5:25  Marine  
  63  5:28  SCV  
  68  5:30  SCV  
  68  5:32  Marine  
  68  5:34  Supply Depot  
  70  5:37  Terran Infantry Weapons Level 1  
  70  5:39  Marine  
  70  5:40  Starport Reactor  
  70  5:41  SCV  
  70  5:42  SCV  
  70  5:47  Stimpack  
  70  5:48  Factory Reactor  
  70  5:51  Combat Shield  
  70  5:52  Refinery  
  70  5:53  SCV  
  70  5:54  SCV  
  72  5:57  Marauder, Supply Depot  
  72  5:58  Marauder  
  72  6:03  Marine x2  
  78  6:04  Supply Depot  
  78  6:05  SCV  
  78  6:06  SCV  
  80  6:18  Medivac, SCV x2  
  81  6:24  Marine  
  81  6:25  Marauder x2, Marine  
  88  6:33  Widow Mine, Supply Depot  
  88  6:34  Medivac  
  88  6:35  Widow Mine  
  94  6:40  Supply Depot  
  94  6:44  Marine  
  94  6:45  Marine  
  94  6:46  Marauder x2  
  100  6:50  Medivac  
  100  6:57  Widow Mine  
  100  6:58  Supply Depot, Widow Mine  
  104  7:03  Marine  
  104  7:04  Marine  
  104  7:07  Command Center  
  106  7:10  Marauder x2  
  106  7:11  SCV x2  
  111  7:15  Concussive Shells  
  111  7:21  Barracks  
  111  7:23  Barracks  
  111  7:28  Medivac  
  111  7:29  Supply Depot  
  115  7:31  Terran Infantry Armor Level 1, Marine x2  
  115  7:32  Marauder  
  115  7:33  Marauder  
  115  7:35  Widow Mine  
  115  7:36  Widow Mine  
  121  7:39  Medivac  
  121  7:42  SCV x2  
  125  7:50  Supply Depot  
  125  7:53  Supply Depot  
  125  7:54  SCV  
  125  7:55  SCV  
  118  8:03  Marauder x2, Marine x2  
  118  8:04  Widow Mine x2  
  118  8:07  SCV x2  
  118  8:08  Viking  
  120  8:19  SCV x2  
  120  8:24  Viking  
  120  8:25  Marauder x3  
  128  8:29  Barracks Tech Lab, Marine x2  
  128  8:33  Orbital Command  
  130  8:42  Medivac  
  130  8:46  Marauder  
  130  8:47  Marauder  
  130  8:48  Marine, Marauder  
  135  8:54  Medivac  
  137  8:56  Widow Mine x2  
  137  8:57  Marauder  
  137  9:02  Missile Turret  
  143  9:03  SCV x2  
  145  9:13  Medivac  
  147  9:18  Marauder x2  
  147  9:19  Marine  
  147  9:20  Orbital Command  
  147  9:21  Marine x2  
  154  9:24  Medivac  
  154  9:25  Marine, Widow Mine  
  147  9:40  Marine x2  
  147  9:41  Marauder x2  
  147  9:43  Marine  
  147  9:44  Marauder  
  140  9:54  SCV  
  140  9:55  SCV x2  
  140  9:58  Marine x2  
  140  10:01  Marine, Marauder  
  140  10:02  Medivac x2  
  140  10:06  Widow Mine x2  
  151  10:11  SCV x3  
  152  10:18  Marauder, Marine x3  
  157  10:25  Marine x2  
  157  10:35  Marine  
  157  10:36  Marauder  
  157  10:38  Medivac x2  
  164  10:44  Marine  
  164  10:45  Marine  
  164  10:46  Marauder  
  164  10:47  Marauder  
  160  10:53  Marine  
  148  10:57  Marine  
  133  11:04  Marine  
  133  11:05  Marauder  
  133  11:07  Marine x2  
  119  11:11  Marine  
  119  11:15  Marauder  
  112  11:22  Marine  
  112  11:24  SCV x3  
  112  11:25  Marauder, Marine  
  113  11:26  Marauder  
  113  11:29  Marine  
  107  11:33  Refinery x2  
  107  11:36  SCV, Marine  
  105  11:40  Viking x2, Marine  
  105  11:41  SCV x2  
  105  11:44  Marauder  
  105  11:45  Command Center  
  105  11:47  Marauder, Marine x2  
  114  11:48  SCV  
  117  11:54  Marauder  
  117  11:59  Marine  
  120  12:04  Armory, Marine, Engineering Bay  
  120  12:05  Marauder x2  
  120  12:07  SCV  
  120  12:08  Marauder, SCV x2  
  130  12:11  Viking  
  130  12:12  Viking  
  130  12:15  Marine, Widow Mine x2  
  138  12:17  Marine  
  140  12:33  Marine x2  
  140  12:34  Marauder x3  
  140  12:35  Marine  
  149  12:41  SCV x3  
  149  12:43  Ghost Academy  
  150  12:48  Viking x2  
  151  13:01  Widow Mine x2  
  151  13:08  Supply Depot  
  151  13:12  Ghost x2  
  150  13:13  Marine x2  
  150  13:14  Marauder x2  
  140  13:24  Viking  
  139  13:28  SCV x3  
  139  13:30  Widow Mine x2  
  139  13:31  Marine x2  
  146  13:35  Marauder x2  
  146  13:41  Marauder, Marine  
  150  13:45  Missile Turret  
  151  13:49  Marine x2  
  145  13:56  Ghost x2  
  145  13:59  Marauder  
  105  14:03  Marauder  
  105  14:07  Marine x2  

Tags
 
Add a new tag
Caveats
  • Supply blocks, unpowered buildings, or Contaminate may cause inaccurate times.
  • Supply counts are checked every 10 seconds.